 Dungeon Crawl Stone Soup version 0.29.1-1-gd02db6906a (webtiles) character file.

Game seed: 4097683575821060885

51 nshep25 the Sneak (level 3, -1/18 HPs)
             Began as a Spriggan Brigand on Sept 19, 2022.
             Hit by a goblin thrown by Robin (3 damage)
             ... on level 2 of the Dungeon.
             The game lasted 00:11:17 (1693 turns).

nshep25 the Sneak (Spriggan Brigand)                Turns: 1693, Time: 00:11:18

Health: -1/18      AC:  3    Str:  7    XL:     3   Next: 58%
Magic:  4/4        EV: 16    Int: 12    God:
Gold:   49         SH:  0    Dex: 18    Spells: 2/2 levels left

rFire   . . .      SeeInvis +   a - +2 dagger
rCold   . . .      Faith    .   (no shield)
rNeg    . . .      Spirit   .   b - +0 robe
rPois   .          Reflect  .   (helmet restricted)
rElec   .          Harm     .   c - +0 cloak
rCorr   .          Rampage  .   (gloves unavailable)
Will    .....                   (boots unavailable)
Stlth   ++++......              (no amulet)
HPRegen 0.06/turn               (no ring)
MPRegen 0.09/turn               (no ring)

@: very quick
A: very small, no large weapons, unfitting armour, see invisible, speed 3
a: no special abilities


You were on level 2 of the Dungeon.
You visited 1 branch of the dungeon, and saw 2 of its levels.

You collected 49 gold pieces.

Inventory:

Hand Weapons
 a - a +2 dagger (weapon)
Missiles
 d - 9 poisoned darts (quivered)
 e - 3 curare-tipped darts
Armour
 b - a +0 robe (worn)
 c - a +0 cloak (worn)
Scrolls
 f - a scroll of blinking {unknown}
 j - a scroll of vulnerability {unknown}
 l - a scroll of fog {unknown}
 m - a scroll of poison {unknown}
Potions
 g - 2 potions of curing {unknown}
 h - a potion of cancellation {unknown}
 i - a potion of lignification {unknown}
 k - a potion of flight {unknown}


   Skills:
 + Level 2.1 Fighting
 + Level 2.4 Short Blades
 + Level 2.0 Throwing
 + Level 1.5 Dodging
 * Level 7.4 Stealth


You had 2 spell levels left.
You didn't know any spells.
Your spell library contained the following spells:

 Spells                   Type           Power      Damage    Failure   Level
 Poisonous Vapours        Pois/Air       0%         N/A       45%         2
 Corpse Rot               Necr/Pois/Air  0%         N/A       97%         4


Dungeon Overview and Level Annotations

Branches:
Dungeon (2/15)

Altars:

Shops:
D:2 ?

Annotations:
D:2 Robin


Innate Abilities, Weirdness & Mutations

You are very small and have problems with some larger weapons.
You are too small for most types of armour.
You have supernaturally acute eyesight. (SInv)
You cover ground extremely quickly. (Speed+++)


Message History

You hit Robin but do no damage.
Robin is heavily wounded.
Robin hits you with a +0 spear.
You closely miss Robin.
Robin is heavily wounded.
Robin barely misses you.
Found 8 gold pieces.
Found a stone staircase leading down.
Found a stone staircase leading up.
A goblin comes into view. It is wielding a +0 club.
Found 6 stones.
The goblin shouts! x3
You see here 8 gold pieces.
You see here 8 gold pieces.
You now have 49 gold pieces (gained 8).
Found a stone staircase leading up.
Found a scale mail.
You see here a +0 scale mail.
You start resting.
Robin is nearby!
Robin misses you.
You hit Robin but do no damage.
Robin is moderately wounded.
Robin hits you with a +0 spear.
* * * LOW HITPOINT WARNING * * *
You hit Robin.
Robin is heavily wounded.
Robin closely misses you.
You hit Robin.
Robin is severely wounded.
Robin closely misses you.
You hit Robin.
Robin is severely wounded.
Robin hits you with a +0 spear.
* * * LOW HITPOINT WARNING * * *
Robin roars a battlecry!
You hear a shout! x2
You see here a +0 scale mail.
Robin throws the goblin at you!
You die...

.# #.# .# #.# .# #.# ### .#
#.. ..## .# #.# #.##.###.#
#.# #.#......#. # #
###.######.#####@g#.... .#
#.........g..........####.#
#
#.#....###........#........
. ..####.#
#######.#......#.#######
..# ..#
###......#.#.#...... ..#
...... ........#.#.#.#....
..###.##.###
#......#.#.#.#....
..#.#...<...
#......#.#.#.#..#.
....#g....###
#.....).)...)...#.


You could see Robin and a goblin (strong).

Vanquished Creatures
  2 gnolls (D:1)
  2 dart slugs (D:1)
  2 ball pythons (D:1)
  A bat (D:1)
  An endoplasm (D:1)
  A giant cockroach (D:1)
  7 goblins (D:2)
  3 hobgoblins
  2 quokkas (D:1)
  A frilled lizard (D:2)
  3 rats (D:1)
25 creatures vanquished.

Notes
Turn   | Place    | Note
-------+----------+-------------------------------------------
     0 | D:1      | nshep25 the Spriggan Brigand began the quest for the Orb.
     0 | D:1      | Reached XP level 1. HP: 10/10 MP: 2/2
   196 | D:1      | Reached skill level 6 in Stealth
   421 | D:1      | Reached XP level 2. HP: 15/15 MP: 3/3
  1224 | D:1      | Reached skill level 7 in Stealth
  1224 | D:1      | Reached XP level 3. HP: 18/18 MP: 4/4
  1370 | D:2      | Found Efoeshel's Magic Scroll Boutique.
  1371 | D:2      | Noticed Robin
  1693 | D:2      | Hit by a goblin thrown by Robin

Illustrated notes

Levels and vault maps discovered:
D:1:      amcnicky_arrival_abandoned_market, layout_loops_corners,
          serial_rivers, chequers_serial_rivers_micro_b,
          chequers_serial_rivers_micro_c, chequers_serial_rivers_micro_d,
          chequers_serial_rivers_small_3, chequers_serial_rivers_small_3
D:2:      layout_basic, serial_shops, nicolae_shop_crystal, uniq_robin

Skill      XL: |  1  2 |
---------------+-------+-----
Stealth        | 6 7 |  7.4
Fighting       | 2 |  2.1
Short Blades   | |  2.4
Throwing       | |  2.0
Dodging        | |  1.5

Action                   || total
-------------------------++-------
Melee: Dagger            ||    80
 Stab: Sleeping          ||     5
Armor: Robe              ||     9
Dodge: Dodged            ||    45
